 Dungeon Crawl Stone Soup version 0.30-a0-1123-gabc949cf19 (webtiles) character file.

Game seed: 3285747314857368807

32 Arzdou the Insei (level 3, 28/28 HPs)
             Began as a Gnoll Transmuter on Apr 22, 2023.
             Quit the game on level 1 of the Dungeon.
             The game lasted 00:01:39 (503 turns).

Arzdou the Insei (Gnoll Transmuter)                  Turns: 503, Time: 00:01:40

Health: 28/28      AC:  2    Str:  9    XL:     3   Next: 27%
Magic:  18/18      EV: 13    Int: 14    God:
Gold:   37         SH:  0    Dex: 12    Spells: 11/12 levels left

rFire   . .          .
                       - Unarmed
rCold   . . .        (no shield)
rNeg    . . .        a - +0 robe
rPois   .            (no helmet)
rElec   .            (no cloak)
rCorr   .            (no gloves)
SInv    .            (no boots)
Will    .....        (no amulet)
Stlth   +            d - ring of magical power
HPRegen 0.24/turn    (no ring)
MPRegen 0.16/turn

%: no passive effects
@: no status effects
A: fangs 1, strong nose, distributed training
a: no special abilities


You were on level 1 of the Dungeon.
You visited 1 branch of the dungeon, and saw 1 of its levels.

You collected 37 gold pieces.

Inventory:

Armour
 a - a +0 robe (worn)
Jewellery
 d - a ring of magical power (left hand)
Scrolls
 c - a scroll of butterflies {unknown}
Potions
 b - a potion of lignification


   Skills:
 + Level 2.6 Fighting
 + Level 0.7 Short Blades
 + Level 0.7 Long Blades
 + Level 0.7 Axes
 + Level 0.7 Maces & Flails
 + Level 0.7 Polearms
 + Level 0.7 Staves
 + Level 0.7 Ranged Weapons
 + Level 0.7 Throwing
 + Level 0.7 Armour
 + Level 4.5 Dodging
 + Level 0.7 Stealth
 + Level 0.7 Shields
 + Level 6.5 Unarmed Combat
 + Level 5.0 Spellcasting
 + Level 0.5 Conjurations
 + Level 0.5 Hexes
 + Level 0.5 Summonings
 + Level 0.5 Necromancy
 + Level 0.5 Translocations
 + Level 3.7 Transmutations
 + Level 0.5 Fire Magic
 + Level 0.5 Ice Magic
 + Level 0.5 Air Magic
 + Level 0.5 Earth Magic
 + Level 0.5 Poison Magic
 + Level 0.9 Invocations
 + Level 0.7 Evocations


You had 11 spell levels left.
You knew the following spells:

 Your Spells              Type           Power      Damage    Failure   Level
a - Beastly Appendage     Tmut           28%        N/A       3%          1

Your spell library contained the following spells:

 Spells                   Type           Power      Damage    Failure   Level
 Wereblood                Tmut           14%        N/A       5%          2
 Passwall                 Tmut/Erth      7%         N/A       11%         2
 Apportation              Tloc           8%         N/A       14%         1
 Necrotise                Necr           16%        1d4       14%         1
 Sandblast                Erth           8%         2d5       14%         1
 Summon Small Mammal      Summ           16%        N/A       14%         1
 Spider Form              Tmut/Pois      9%         N/A       22%         3
 Dazzling Flash           Conj/Hex       8%         N/A       38%         3
 Stone Arrow              Conj/Erth      8%         3d7       38%         3
 Ice Form                 Ice/Tmut       9%         N/A       58%         4
 Agony                    Necr           4%         N/A       98%         5
 Silence                  Hex/Air        2%         N/A       98%         5


Dungeon Overview and Level Annotations

Branches:
Dungeon (1/15)

Altars:

Shops:
D:1 :**


Innate Abilities, Weirdness & Mutations

You have very sharp teeth.
Your uncanny sense of smell can sniff out nearby items.
Your experience applies equally to all skills.


Message History

You kill the rat!
The quokka misses you. The kobold barely misses you.
The giant cockroach misses you. The quokka completely misses you.
You punch the giant cockroach!
You kill the giant cockroach!
The kobold misses you. The quokka barely misses you.
You hit the quokka.
The quokka is severely wounded.
The kobold hits you with a +2 dagger of flaming.
The kobold burns you. The quokka bites you.
You are too injured to fight recklessly!
You are too injured to fight recklessly!
You are too injured to fight recklessly!
You are too injured to fight recklessly!
You closely miss the quokka.
The quokka is severely wounded.
The quokka misses you. The kobold misses you.
You punch the quokka!
You kill the quokka!
The kobold hits you but does no damage.
You see here a quokka corpse.
You hit the kobold but do no damage. Your bite misses the kobold.
The kobold hits you with a +2 dagger of flaming.
The kobold burns you.
You hit the kobold.
You kill the kobold!
Things that are here:
a +2 dagger of flaming; a stone
d - a ring of magical power You feel your magic capacity increase.
d - a ring of magical power (left hand)
Okay, then.
There is an entrance to Maevo's General Store here.
You pick up a book of Cantrips and begin reading...
You add the spells Necrotise, Summon Small Mammal and Apportation to your library.
There is an entrance to Oliops's Assorted Antiques here.
Saving game... please wait.
Welcome back, Arzdou the Gnoll Transmuter.
Press ? for a list of commands and other information.
Are you sure you want to abandon this character and quit the game? (Confirm with "yes".)

.......#..#
..B.#...#.# .
##..†)##
#...†(######
###........#
#...∩....#
#........#
#........####
######...@..#
######..# .#
∆ .. ##


There were no monsters in sight!

Vanquished Creatures
  2 dart slugs (D:1)
  3 ball pythons (D:1)
  3 bats (D:1)
  3 endoplasms (D:1)
  A giant cockroach (D:1)
  2 hobgoblins (D:1)
  4 jackals (D:1)
  4 kobolds (D:1)
  A quokka (D:1)
  A rat (D:1)
24 creatures vanquished.

Notes
Turn   | Place    | Note
-------+----------+-------------------------------------------
     0 | D:1      | Arzdou the Gnoll Transmuter began the quest for the Orb.
     0 | D:1      | Reached XP level 1. HP: 17/17 MP: 6/6
    31 | D:1      | Reached XP level 2. HP: 12/23 MP: 7/7
   249 | D:1      | Found Uzasi Syno's Book Emporium.
   312 | D:1      | Reached skill level 5 in Spellcasting
   312 | D:1      | Reached XP level 3. HP: 28/28 MP: 6/9
   409 | D:1      | Found Maevo's General Store.
   414 | D:1      | Found Oliops's Assorted Antiques.
   503 | D:1      | Quit the game

Illustrated notes

Levels and vault maps discovered:
D:1:      eino_arrival_tree_alley, layout_rooms, serial_shops, shop, shop, shop

Skill      XL: |  1  2 |
---------------+-------+-----
Spellcasting   | 5 |  5.0
Fighting       | |  2.6
Short Blades   | |  0.7
Long Blades    | |  0.7
Axes           | |  0.7
Maces & Flails | |  0.7
Polearms       | |  0.7
Staves         | |  0.7
Ranged Weapons | |  0.7
Throwing       | |  0.7
Armour         | |  0.7
Dodging        | |  4.5
Stealth        | |  0.7
Shields        | |  0.7
Unarmed Combat | |  6.5
Conjurations   | |  0.5
Hexes          | |  0.5
Summonings     | |  0.5
Necromancy     | |  0.5
Translocations | |  0.5
Transmutations | |  3.7
Fire Magic     | |  0.5
Ice Magic      | |  0.5
Air Magic      | |  0.5
Earth Magic    | |  0.5
Poison Magic   | |  0.5
Invocations    | |  0.9
Evocations     | |  0.7

Action                     || total
---------------------------++-------
  Melee: Unarmed           ||    64
         Kick              ||     9
         Headbutt          ||     7
         Bite              ||     7
         Punch             ||     4
   Cast: Beastly Appendage ||     5
 Armour: Robe              ||    28
  Dodge: Dodged            ||    91

Table legend: (Time is in decaauts)
 A = Elapsed time spent in this place.
 B = Non-inter-level travel time spent in this place.
 C = Inter-level travel time spent in this place.
 D = Time resting spent in this place.
 E = Time spent auto-exploring this place.
 F = Levels seen in this place.
 G = Mean time per level.
                   A        B        C        D        E       F      G
               +--------+--------+--------+--------+--------+-----+--------+
         Total |    495 |    495 |      0 |      0 |    366 |   1 |  495.0 |
       Dungeon |    495 |    495 |      0 |      0 |    366 |   1 |  495.0 |
               +--------+--------+--------+--------+--------+-----+--------+

Top non-repeatable levels by time:
     D:1: 495 daAuts
